Workbook

Sheet Yearly Expenses
A1: YEARLY EXPENSES TRACKER EXCEL SHEET
A2: Professional annual expense management and summary workbook
A4: S.No. | B4: Date | C4: Month | D4: Expense Category | E4: Description | F4: Payment Method | G4: Amount | H4: Transaction ID | I4: Status | J4: Vendor/Payee | K4: Remarks
A5: =ROW()-4 -> 1 | B5: 46025 | C5: =TEXT(B5,"mmmm") -> January | D5: Office Supplies | E5: Printer paper and stationery | F5: Bank Transfer | G5: 3000 | H5: xxxxxxxxxxxx | I5: Paid | J5: Stationery Store | K5: Monthly office supplies
A6: =ROW()-4 -> 2 | B6: 46060 | C6: =TEXT(B6,"mmmm") -> February | D6: Internet | E6: Business internet bill | F6: UPI | G6: 1499 | H6: xxxxxxxxxxxx | I6: Paid | J6: Internet Provider | K6: Monthly plan
A7: =ROW()-4 -> 3 | B7: 46084 | C7: =TEXT(B7,"mmmm") -> March | D7: Travel | E7: Local client visit | F7: Cash | G7: 1750 | H7: xxxxxxxxxxxx | I7: Reimbursable | J7: Pramod Kumar | K7: Client meeting
A8: =ROW()-4 -> 4 | B8: 46127 | C8: =TEXT(B8,"mmmm") -> April | D8: Utilities | E8: Electricity bill | F8: UPI | G8: 4320 | H8: xxxxxxxxxxxx | I8: Paid | J8: Electricity Department | K8: Office electricity
A9: =ROW()-4 -> 5 | B9: 46143 | C9: =TEXT(B9,"mmmm") -> May | D9: Rent | E9: Office rent | F9: Bank Transfer | G9: 17000 | I9: Paid | J9: Property Owner | K9: Monthly rent
A10: =ROW()-4 -> 6 | B10: 46187 | C10: =TEXT(B10,"mmmm") -> June | D10: Marketing | E10: Online advertising | F10: Credit Card | G10: 6500 | I10: Paid | J10: Ad Platform | K10: Campaign expense
A11: =ROW()-4 -> 7 | B11: 46209 | C11: =TEXT(B11,"mmmm") -> July | D11: Maintenance | E11: Computer maintenance | F11: UPI | G11: 3200 | H11: xxxxxxxxxxxx | I11: Paid | J11: Tech Services | K11: System servicing
A12: =ROW()-4 -> 8 | B12: 46246 | C12: =TEXT(B12,"mmmm") -> August | D12: Staff Welfare | E12: Team refreshments | F12: Cash | G12: 2100 | I12: Paid | J12: Local Vendor | K12: Staff meeting
A13: =ROW()-4 -> 9 | B13: 46269 | C13: =TEXT(B13,"mmmm") -> September | D13: Professional Fees | E13: Accounting services | F13: Bank Transfer | G13: 5000 | I13: Pending | J13: Accounting Consultant | K13: Quarterly service
A14: =ROW()-4 -> 10 | B14: 46297 | C14: =TEXT(B14,"mmmm") -> October | D14: Miscellaneous | E14: Office miscellaneous expense | F14: Debit Card | G14: 1250 | I14: Paid | J14: General Vendor | K14: Other expense
G15: =SUM(G5:G14) -> 45619

Sheet Dashboard
A1: YEARLY EXPENSES DASHBOARD
A3: Total Expenses | B3: =SUM('Yearly Expenses'!G5:G1000) -> 91238 | D3: Average Expense | E3: =IFERROR(AVERAGE('Yearly Expenses'!G5:G1000),0) -> 8294.3636 | G3: Expense Entries | H3: =COUNTA('Yearly Expenses'!B5:B1000) -> 10
A5: Paid Amount | B5: =SUMIF('Yearly Expenses'!I5:I1000,"Paid",'Yearly Expenses'!G5:G1000) -> 38869 | D5: Pending Amount | E5: =SUMIF('Yearly Expenses'!I5:I1000,"Pending",'Yearly Expenses'!G5:G1000) -> 5000 | G5: Reimbursable | H5: =SUMIF('Yearly Expenses'!I5:I1000,"Reimbursable",'Yearly Expenses'!G5:G1000) -> 1750
A8: Category | B8: Total Amount
A9: Office Supplies | B9: =SUMIF('Yearly Expenses'!D5:D1000,A9,'Yearly Expenses'!G5:G1000) -> 3000
A10: Travel | B10: =SUMIF('Yearly Expenses'!D5:D1000,A10,'Yearly Expenses'!G5:G1000) -> 1750
A11: Utilities | B11: =SUMIF('Yearly Expenses'!D5:D1000,A11,'Yearly Expenses'!G5:G1000) -> 4320
A12: Rent | B12: =SUMIF('Yearly Expenses'!D5:D1000,A12,'Yearly Expenses'!G5:G1000) -> 17000
A13: Internet | B13: 1500
A14: Maintenance | B14: =SUMIF('Yearly Expenses'!D5:D1000,A14,'Yearly Expenses'!G5:G1000) -> 3200
A15: Marketing | B15: =SUMIF('Yearly Expenses'!D5:D1000,A15,'Yearly Expenses'!G5:G1000) -> 6500
A16: Staff Welfare | B16: =SUMIF('Yearly Expenses'!D5:D1000,A16,'Yearly Expenses'!G5:G1000) -> 2100
A17: Professional Fees | B17: =SUMIF('Yearly Expenses'!D5:D1000,A17,'Yearly Expenses'!G5:G1000) -> 5000
A18: Miscellaneous | B18: =SUMIF('Yearly Expenses'!D5:D1000,A18,'Yearly Expenses'!G5:G1000) -> 1250

Sheet Monthly Summary
A1: MONTH | B1: TOTAL EXPENSE | C1: PAID | D1: PENDING
A2: January | B2: =SUMIF('Yearly Expenses'!C5:C1000,A2,'Yearly Expenses'!G5:G1000) -> 3000 | C2: =SUMIFS('Yearly Expenses'!G5:G1000,'Yearly Expenses'!C5:C1000,A2,'Yearly Expenses'!I5:I1000,"Paid") -> 3000 | D2: =SUMIFS('Yearly Expenses'!G5:G1000,'Yearly Expenses'!C5:C1000,A2,'Yearly Expenses'!I5:I1000,"Pending") -> 0
A3: February | B3: =SUMIF('Yearly Expenses'!C5:C1000,A3,'Yearly Expenses'!G5:G1000) -> 1499 | C3: =SUMIFS('Yearly Expenses'!G5:G1000,'Yearly Expenses'!C5:C1000,A3,'Yearly Expenses'!I5:I1000,"Paid") -> 1499 | D3: =SUMIFS('Yearly Expenses'!G5:G1000,'Yearly Expenses'!C5:C1000,A3,'Yearly Expenses'!I5:I1000,"Pending") -> 0
A4: March | B4: =SUMIF('Yearly Expenses'!C5:C1000,A4,'Yearly Expenses'!G5:G1000) -> 1750 | C4: =SUMIFS('Yearly Expenses'!G5:G1000,'Yearly Expenses'!C5:C1000,A4,'Yearly Expenses'!I5:I1000,"Paid") -> 0 | D4: =SUMIFS('Yearly Expenses'!G5:G1000,'Yearly Expenses'!C5:C1000,A4,'Yearly Expenses'!I5:I1000,"Pending") -> 0
A5: April | B5: =SUMIF('Yearly Expenses'!C5:C1000,A5,'Yearly Expenses'!G5:G1000) -> 4320 | C5: =SUMIFS('Yearly Expenses'!G5:G1000,'Yearly Expenses'!C5:C1000,A5,'Yearly Expenses'!I5:I1000,"Paid") -> 4320 | D5: =SUMIFS('Yearly Expenses'!G5:G1000,'Yearly Expenses'!C5:C1000,A5,'Yearly Expenses'!I5:I1000,"Pending") -> 0
A6: May | B6: =SUMIF('Yearly Expenses'!C5:C1000,A6,'Yearly Expenses'!G5:G1000) -> 17000 | C6: =SUMIFS('Yearly Expenses'!G5:G1000,'Yearly Expenses'!C5:C1000,A6,'Yearly Expenses'!I5:I1000,"Paid") -> 17000 | D6: =SUMIFS('Yearly Expenses'!G5:G1000,'Yearly Expenses'!C5:C1000,A6,'Yearly Expenses'!I5:I1000,"Pending") -> 0
A7: June | B7: =SUMIF('Yearly Expenses'!C5:C1000,A7,'Yearly Expenses'!G5:G1000) -> 6500 | C7: =SUMIFS('Yearly Expenses'!G5:G1000,'Yearly Expenses'!C5:C1000,A7,'Yearly Expenses'!I5:I1000,"Paid") -> 6500 | D7: =SUMIFS('Yearly Expenses'!G5:G1000,'Yearly Expenses'!C5:C1000,A7,'Yearly Expenses'!I5:I1000,"Pending") -> 0
A8: July | B8: =SUMIF('Yearly Expenses'!C5:C1000,A8,'Yearly Expenses'!G5:G1000) -> 3200 | C8: =SUMIFS('Yearly Expenses'!G5:G1000,'Yearly Expenses'!C5:C1000,A8,'Yearly Expenses'!I5:I1000,"Paid") -> 3200 | D8: =SUMIFS('Yearly Expenses'!G5:G1000,'Yearly Expenses'!C5:C1000,A8,'Yearly Expenses'!I5:I1000,"Pending") -> 0
A9: August | B9: =SUMIF('Yearly Expenses'!C5:C1000,A9,'Yearly Expenses'!G5:G1000) -> 2100 | C9: =SUMIFS('Yearly Expenses'!G5:G1000,'Yearly Expenses'!C5:C1000,A9,'Yearly Expenses'!I5:I1000,"Paid") -> 2100 | D9: =SUMIFS('Yearly Expenses'!G5:G1000,'Yearly Expenses'!C5:C1000,A9,'Yearly Expenses'!I5:I1000,"Pending") -> 0
A10: September | B10: =SUMIF('Yearly Expenses'!C5:C1000,A10,'Yearly Expenses'!G5:G1000) -> 5000 | C10: =SUMIFS('Yearly Expenses'!G5:G1000,'Yearly Expenses'!C5:C1000,A10,'Yearly Expenses'!I5:I1000,"Paid") -> 0 | D10: =SUMIFS('Yearly Expenses'!G5:G1000,'Yearly Expenses'!C5:C1000,A10,'Yearly Expenses'!I5:I1000,"Pending") -> 5000
A11: October | B11: =SUMIF('Yearly Expenses'!C5:C1000,A11,'Yearly Expenses'!G5:G1000) -> 1250 | C11: =SUMIFS('Yearly Expenses'!G5:G1000,'Yearly Expenses'!C5:C1000,A11,'Yearly Expenses'!I5:I1000,"Paid") -> 1250 | D11: =SUMIFS('Yearly Expenses'!G5:G1000,'Yearly Expenses'!C5:C1000,A11,'Yearly Expenses'!I5:I1000,"Pending") -> 0
A12: November | B12: =SUMIF('Yearly Expenses'!C5:C1000,A12,'Yearly Expenses'!G5:G1000) -> 0 | C12: =SUMIFS('Yearly Expenses'!G5:G1000,'Yearly Expenses'!C5:C1000,A12,'Yearly Expenses'!I5:I1000,"Paid") -> 0 | D12: =SUMIFS('Yearly Expenses'!G5:G1000,'Yearly Expenses'!C5:C1000,A12,'Yearly Expenses'!I5:I1000,"Pending") -> 0
A13: December | B13: =SUMIF('Yearly Expenses'!C5:C1000,A13,'Yearly Expenses'!G5:G1000) -> 0 | C13: =SUMIFS('Yearly Expenses'!G5:G1000,'Yearly Expenses'!C5:C1000,A13,'Yearly Expenses'!I5:I1000,"Paid") -> 0 | D13: =SUMIFS('Yearly Expenses'!G5:G1000,'Yearly Expenses'!C5:C1000,A13,'Yearly Expenses'!I5:I1000,"Pending") -> 0
B14: =SUM(B2:B13) -> 45619 | C14: =SUM(C2:C13) -> 38869 | D14: =SUM(D2:D13) -> 5000
